 Dungeon Crawl Stone Soup version 0.28.0 (webtiles) character file.

Game seed: 12529414759578763929

6 horus123 the Grave Robber (level 1, -1/10 HPs)
             Began as a Deep Elf Necromancer on Feb 11, 2022.
             Killed from afar by a dart slug (3 damage)
             ... with a slug dart
             ... on level 1 of the Dungeon.
             The game lasted 00:00:32 (68 turns).

horus123 the Grave Robber (Deep Elf Necromancer)      Turns: 68, Time: 00:00:33

Health: -1/10      AC:  2    Str:  5    XL:     1   Next: 75%
Magic:  0/7        EV: 12    Int: 19    God:
Gold:   0          SH:  0    Dex: 15    Spells: 6/7 levels left

rFire   . . .      SeeInvis .   (no weapon)
rCold   . . .      Faith    .   (no shield)
rNeg    . . .      Spirit   .   a - +0 robe
rPois   .          Reflect  .   (no helmet)
rElec   .          Harm     .   (no cloak)
rCorr   .          Rampage  .   (no gloves)
Will    .....                   (no boots)
Stlth   ++........              (no amulet)
HPRegen 0.03/turn               (no ring)
MPRegen 0.10/turn               (no ring)

@: no status effects
A: no striking features
a: no special abilities


You were on level 1 of the Dungeon.
You visited 1 branch of the dungeon, and saw 1 of its levels.

Inventory:

Armour
 a - a +0 robe (worn)


   Skills:
 - Level 2.4 Dodging
 - Level 2.4 Stealth
 + Level 3.7 Spellcasting
 - Level 4.8 Necromancy


You had 6 spell levels left.
You knew the following spells:

 Your Spells              Type           Power      Damage    Failure   Level
a - Pain                  Necr           84%        1d8       1%          1

Your spell library contained the following spells:

 Spells                   Type           Power      Damage    Failure   Level
 Animate Skeleton         Necr           42%        N/A       1%          1
 Vampiric Draining        Necr           21%        2d7       6%          3
 Animate Dead             Necr           10%        N/A       19%         4
 Agony                    Necr           21%        N/A       47%         5


Dungeon Overview and Level Annotations

Branches:
Dungeon (1/15)

Altars:

Shops:
D:1 *


Message History

The slug dart misses you.
A bat comes into view.
The bat moves out of view.
The jackal barely resists.
The jackal writhes in agony!
You kill the jackal!
The bat writhes in agony.
The bat barely misses you. x2
You are too injured to fight recklessly!
Aiming: Pain (safe; 1% risk of failure)
Press: ? - help, Q - select action Shift-Dir - straight line, f/p - bat
Aim: a bat (moderately wounded, chance to affect: 90%)
The bat writhes in agony.
You kill the bat!
You see here a bat corpse.
Found a gold piece.
Found a faded altar of an unknown god.
Found a stone staircase leading down.
Aiming: Pain (safe; 1% risk of failure)
Press: ? - help, Q - select action Shift-Dir - straight line, f - hobgoblin
Aim: a hobgoblin (chance to affect: 90%)
The hobgoblin writhes in agony.
The hobgoblin closely misses you.
Unknown command.
Found 2 gold pieces.
The dart slug launches a dart at you. The slug dart misses you.
The hobgoblin closely misses you.
Aiming: Pain (safe; 1% risk of failure)
Press: ? - help, Q - select action Shift-Dir - straight line, f/p - hobgoblin
Aim: a hobgoblin (almost dead, chance to affect: 90%)
The hobgoblin writhes in agony.
You kill the hobgoblin!
You start resting.
A dart slug is nearby!
Aiming: Pain (safe; 1% risk of failure)
Press: ? - help, Q - select action Shift-Dir - straight line, f - dart slug
Aim: a dart slug (chance to affect: 90%)
The dart slug writhes in agony.
The dart slug launches a dart at you. The slug dart hits you.
You die...

......................
###.h#######........##
##.# #.........##
####.#######..........#
..........†....#......#
.###.#########w..≈≈≈..##
.###..#......#...≈_$....
...##.#.####.#.#.$≈≈.#
........# #.#†#@....#
....#.#.## #.#.#...###
....#.#..# #.#.#..##
....#..#.###.#...##
.##.##....##.#.........
###.##.#<#...#..#######
#....#.###.#.#..#
#....#.....###..#
#..........# #..#


You could see a dart slug.

Vanquished Creatures
  A hobgoblin (D:1)
  3 jackals (D:1)
  A bat (D:1)
5 creatures vanquished.

Notes
Turn   | Place    | Note
-------+----------+-------------------------------------------
     0 | D:1      | horus123 the Deep Elf Necromancer began the quest for the
                  | Orb.
     0 | D:1      | Reached XP level 1. HP: 10/10 MP: 6/6
    31 | D:1      | Found Ewularph's General Store.
    51 | D:1      | Found a faded altar of an unknown god.
    68 | D:1      | Killed from afar by a dart slug

Illustrated notes

Levels and vault maps discovered:
D:1:      saegor_arrival_simple_a, layout_basic, serial_shops, shop, shop, shop,
          nicolae_shop_hallway_plus,
          hellmonk_ecumenical_altar_pennies_from_heaven, serial_park_tiny_2,
          minmay_door_square

Action                   || total
-------------------------++-------
 Cast: Pain              ||     9
Dodge: Dodged            ||     6
